 Dungeon Sprint DCSS version 0.20-a0-1124-g2e29d97 (webtiles) character file.

120 potatolord6000 the Poker (level 5, -2/82 HPs)
             Began as a Naga Gladiator on May 15, 2017.
             Slain by a centaur (4 damage)
             ... in the Dungeon (Sprint IX: "|||||||||||||||||||||||||||||").
             The game lasted 00:01:08 (134 turns).

potatolord6000 the Poker (Naga Gladiator)            Turns: 134, Time: 00:01:08

Health: -2/82      AC:  4    Str: 23    XL:     5   Next: 4%
Magic:  5/5        EV: 12    Int:  8    God:
Gold:   0          SH:  0    Dex: 12    Spells: 4/4 levels left

rFire    . . .     SeeInvis +   a - +0 trident
rCold    . . .     Gourm    .   (no shield)
rNeg     . . .     Faith    .   b - +0 leather armour
rPois    +         Spirit   .   c - +0 helmet
rElec    .         Reflect  .   (no cloak)
rCorr    .         Harm     .   (no gloves)
MR       .....     NoTele   +   (no barding)
Stlth    ..........             (no amulet)
Regen    0.3/turn               (no ring)
MPRegen  0.1/turn               (no ring)

@: berserking, hasted, quick
A: see invisible, deformed body, poison resistance, slowness 2, slow metabolism
1, spit poison 1, AC +1
a: Spit Poison


You were in the Dungeon.
You were not hungry.

You visited 1 branch

Inventory:

Hand Weapons
 a - a +0 trident (weapon)
Armour
 b - a +0 leather armour (worn)
 c - a +0 helmet (worn)
Scrolls
 k - a scroll of blinking
Potions
 i - 2 potions of magic
Comestibles
 f - a bread ration


   Skills:
 + Level 5.7 Fighting
 + Level 6.2 Polearms
 - Level 1.7 Throwing
 + Level 5.2 Dodging


You had 4 spell levels left.
You didn't know any spells.

Dungeon Overview and Level Annotations

Branches:
Dungeon (1/1)

Altars:


Innate Abilities, Weirdness & Mutations

You cannot wear boots.
Your serpentine skin is tough. (AC +1)
You have supernaturally acute eyesight. (SInv)
Armour fits poorly on your strangely shaped body.
Your system is resistant to poisons. (rPois)
You cover ground very slowly.
You have a slow metabolism.
You can spit poison.


Message History

* * * LOW HITPOINT WARNING * * *
The crimson imp shouts, "Bolt, thou pox-marked milk-livered bandersnitch!"
You see here a worker ant corpse.
Unknown command.
You hit the centaur but do no damage. The centaur misses you.
You completely miss the centaur. The centaur hits you.
* * * LOW HITPOINT WARNING * * *
The centaur barely misses you.
You hit the centaur but do no damage. The centaur closely misses you.
You feel better. The centaur closely misses you.
You barely miss the centaur. The centaur hits you!
* * * LOW HITPOINT WARNING * * *
You barely miss the centaur. The centaur closely misses you.
A red film seems to cover your vision as you go berserk!
You feel yourself moving faster!
You feel mighty! The centaur hits you.
* * * LOW HITPOINT WARNING * * *
You barely miss the centaur. The centaur hits you.
* * * LOW HITPOINT WARNING * * *
You barely miss the centaur. The crimson imp misses you. The centaur hits you.
You die... ▓▓▓▓▓▓▓▓▓▓▓▓▓▓▓▓▓▓ +..c@5'...†.)..(<▓ ▓▓▓▓▓▓▓▓▓▓▓▓▓▓▓▓▓▓

You could see a centaur and a crimson imp.

Vanquished Creatures
  An ogre (D)
  A worker ant (D)
  An ooze (D)
  A dart slug (D)
  A goblin (D)
  A hobgoblin (D)
  A frilled lizard (D)
  A rat (D)
8 creatures vanquished.

Notes
Turn   | Place    | Note
-------+----------+-------------------------------------------
     0 | D        | potatolord6000 the Naga Gladiator began the quest for the Orb.
     0 | D        | Reached XP level 1. HP: 19/19 MP: 1/1
    13 | D        | Reached XP level 2. HP: 21/27 MP: 2/2
   107 | D        | Noticed a centaur
   107 | D        | Noticed a crimson imp
   107 | D        | Noticed an ogre
   118 | D        | Killed an ogre
   118 | D        | Reached skill level 5 in Fighting
   118 | D        | Reached skill level 5 in Polearms
   118 | D        | Reached XP level 3. HP: 23/39 MP: 3/3
   118 | D        | Reached XP level 4. HP: 27/46 MP: 4/4
   124 | D        | Reached skill level 6 in Polearms
   124 | D        | Reached skill level 5 in Dodging
   124 | D        | Reached XP level 5. HP: 25/55 MP: 5/5
   133 | D        | HP: 1/82 [centaur (5)]
   134 | D        | Slain by a centaur

Vault maps used:
D:        linesprint

Skill      XL: |  1  2  3  4 |
---------------+-------------+-----
Dodging        | 3 4 5 |  5.2
Fighting       | 5 |  5.7
Polearms       | 5 6 |  6.2
Throwing       | |  1.7

Action                   |  1- 3 |  4- 6 || total
-------------------------+-------+-------++-------
Melee: Trident           |    21 |    12 ||    33
  Use: Potion            |     2 |     2 ||     4
Armor: Leather armour    |     2 |       ||     2
Dodge: Dodged            |     8 |     8 ||    16
